 Dungeon Crawl Stone Soup version 0.20.0-10-g0535bb4 (webtiles) character file.

77273 rbl the Basher (level 15, 0/119 HPs)
             Began as a Demonspawn Assassin on June 4, 2017.
             Was a High Priest of Okawaru.
             Slain by a wolf spider (11 damage)
             ... on level 1 of the Spider Nest on June 5, 2017.
             The game lasted 01:58:16 (24520 turns).

rbl the Basher (Demonspawn Assassin)               Turns: 24520, Time: 01:58:16

Health: 0/119      AC: 13    Str: 21    XL:     15   Next: 14%
Magic:  0/24       EV: 18    Int: 14    God:    Okawaru [*****.]
Gold:   1104       SH:  6    Dex: 19    Spells: 14/26 levels left

rFire    + . .     SeeInvis .   a - +6 club
rCold    + + .     Gourm    .   A - +0 buckler
rNeg     + . .     Faith    .   W - +0 ring mail {rPois}
rPois    +         Spirit   +   x - +1 hat
rElec    .         Reflect  .   J - scarf {cloud immunity}
rCorr    +         Harm     .   (no gloves)
MR       ++...                  Q - +2 pair of boots {Fly}
Stlth    ++........             O - amulet of guardian spirit
Regen    0.3/turn               n - ring of Denojol {rC+ Str+5 Int+2}
MPRegen  0.2/turn               i - ring "Rinof" {rPois rF+ rC+ rN+ MR+ Slay+3}

@: flying, very slightly contaminated, hasted, very quick
A: talons 2, yellow scales 3, mutation resistance 1, powered by death 2, spiny
3, strong 1
a: Heroism, Finesse, Renounce Religion, Stop Flying


You were on level 1 of the Spider Nest.
You worshipped Okawaru.
Okawaru was extremely pleased with you.
You were not hungry.

You visited 5 branches of the dungeon, and saw 23 of its levels.
You also visited: Labyrinth.

You collected 2234 gold pieces.
You spent 1130 gold pieces at shops.

Inventory:

Hand Weapons
 a - a +6 club (weapon)
 b - a +0 blowgun
 m - the +1 dire flail "Iteiclui" {vamp, Fragile rElec rC+++ SInv}
   (Okawaru gifted it to you on level 3 of the Lair of Beasts)

   It inflicts no extra harm, but heals its wielder when it wounds a living foe.
   It renders you almost immune to cold.
   It insulates you from electricity.
   It lets you see invisible.
   It will be destroyed if unequipped.
Missiles
 e - 105 poisoned needles
 f - 8 curare-tipped needles
 K - 3 javelins (quivered)
Armour
 w - a +0 shield of reflection
 x - a +1 hat (worn)
 A - a +0 buckler (worn)
 J - a scarf of cloud immunity (worn)
 Q - a +2 pair of boots of flying (worn)
 W - a +0 ring mail of poison resistance (worn)
Jewellery
 i - the ring "Rinof" (right hand) {rPois rF+ rC+ rN+ MR+ Slay+3}
   (You bought it in a shop on level 2 of the Orcish Mines)

   [ring of protection from fire]

   It affects your accuracy and damage with ranged weapons and melee attacks
   (+3).
   It protects you from fire.
   It protects you from cold.
   It protects you from poison.
   It protects you from negative energy.
   It affects your resistance to hostile enchantments.
 n - the ring of Denojol (left hand) {rC+ Str+5 Int+2}
   (You took it off a minotaur in a labyrinth)

   [ring of strength]

   It affects your strength (+5).
   It affects your intelligence (+2).
   It protects you from cold.
 t - an uncursed ring of positive energy
 u - a +3 ring of protection
 O - an amulet of guardian spirit (around neck)
 T - an uncursed ring of fire
 Y - the ring "Veusahow" {rC+ rN+}
   (You found it on level 7 of the Dungeon)

   [ring of positive energy]

   It protects you from cold.
   It protects you from negative energy.
 Z - an uncursed ring of protection from magic
Wands
 k - a wand of random effects (14/48)
 s - a wand of digging (9/24)
 y - a wand of iceblast (0/15)
 z - a wand of random effects (5/48)
 M - a wand of acid (1/15)
 S - a wand of digging (11/24)
 U - a wand of iceblast (11/15)
 X - a wand of iceblast (7/15)
Scrolls
 c - a scroll of enchant weapon
 h - a scroll of torment {unknown}
 o - a scroll of teleportation
 p - 15 scrolls of remove curse
 r - 5 scrolls of amnesia
 v - 4 scrolls of identify
 C - a scroll of fog
 E - 2 scrolls of magic mapping
Potions
 I - 2 potions of mutation
Books
 d - a book of Enchantments

   Spells                             Type                      Level
   a - Cause Fear                     Hexes                        4
   b - Yara's Violent Unravelling     Hexes/Transmutation          5
   c - Silence                        Hexes/Air                    5
   d - Deflect Missiles               Charms/Air                   6
   e - Discord                        Hexes                        8
 V - the Handbook of Icy Orientation
   (You found it in a labyrinth)

   Spells                             Type                      Level
   a - Gell's Gravitas                Translocation                3
   b - Lesser Beckoning               Translocation                3
   c - Force Lance                    Conjuration/Translocation    4
   d - Ozocubu's Refrigeration        Ice                          6
   e - Malign Gateway                 Summoning/Translocation      7
Miscellaneous
 j - a box of beasts
Comestibles
 g - a meat ration
 q - 8 fruits
 H - 5 royal jellies
 L - 4 bread rations


   Skills:
 - Level 11.3 Fighting
   Level 1.7 Short Blades
 - Level 14.1 Maces & Flails
 - Level 3.5 Throwing
 - Level 2.7 Armour
 - Level 9.2 Dodging
 - Level 3.6 Stealth
 + Level 7.6 Shields
 - Level 6.0 Spellcasting
 - Level 7.3 Charms
 - Level 5.3 Necromancy
 - Level 10.1 Invocations


You had 14 spell levels left.
You knew the following spells:

 Your Spells              Type           Power        Failure   Level  Hunger
a - Animate Skeleton      Necr           N/A          2%          1    None
b - Apportation           Tloc           #.....       26%         1    None
c - Regeneration          Chrm/Necr      ###.......   5%          3    ###....
d - Song of Slaying       Chrm           ###.....     1%          2    #......
e - Shroud of Golubria    Chrm/Tloc      ##........   9%          2    #......
f - Spectral Weapon       Hex/Chrm       ##......     17%         3    ###....


Dungeon Overview and Level Annotations

Branches:
Dungeon (12/15)            Temple (1/1) D:4            Lair (6/6) D:8
 Shoals (0/4) Lair:2       Spider (2/4) Lair:2          Orc (2/2) D:11
    Elf (0/3) Orc:2
  Slime: Lair:5-6

Altars:
Ashenzari
Cheibriados
Dithmenos
Elyvilon
Fedhas
Gozag
Hepliaklqana
Kikubaaqudgha
Makhleb
Nemelex Xobeh
Okawaru
Qazlal
Ru
Sif Muna
Trog
Uskayaw
Vehumet
Xom
Yredelemnul
Zin
The Shining One
Beogh
Jiyva

Shops:
D:4 [   D:7 [   D:12 (   Orc:2 =:%!*[*

Annotations:
D:6 Menkaure
D:12 3 exclusions
Lair:5 1 runed door, Rupert


Innate Abilities, Weirdness & Mutations

You have razor-sharp toenails.
You are completely covered in yellow scales. (AC +4, rCorr)
You regenerate health from kills.
You are completely covered in sharp spines.
You are somewhat resistant to further mutation.
Your muscles are strong. (Str +2)


Message History

Okay, then.
You feel yourself speed up.
Your shroud bends the wolf spider's attack away!
The wolf spider barely misses you. You block the wolf spider's attack.
The wolf spider bites you.
* * * LOW HITPOINT WARNING * * *
Your shroud falls apart!
The wolf spider hits you.
* * * LOW HITPOINT WARNING * * *
The wolf spider barely misses you.
The wolf spider hits you but does no damage.
The wolf spider closely misses you. You block the wolf spider's attack.
The wolf spider misses you.
Unknown command.
You feel better.
The wolf spider is struck by your spines.
The wolf spider hits you.
* * * LOW HITPOINT WARNING * * *
The wolf spider bites you!
You die...

##..#...#..............
#.......#.........#....
#...#.....#..........#.
#...........#.#.#......
#.....#^......##.......
#..........#.........!^
###........^.^.........
#..#..##..)........#..
####.@........^....#..
##.sss..............
#...#.^.#....^......
#####........>.#....
#.#.............
######..........
#.........#..
#............
#...#.....#..


You could see 3 wolf spiders.

Vanquished Creatures
  Donald (Orc:2)
  2 entropy weavers (Lair:5)
  Azrael (Spider:1)
  A minotaur (Lab)
  Harold (D:11)
  5 hydras
  2 catoblepae (Lair:6)
  A queen ant (Lair:5)
  A two-headed ogre (D:12)
  12 death yaks
  4 orc high priests (Orc:2)
  Nergalle (Lair:2)
  An unseen horror (D:12)
  3 orc knights
  A lindwurm (Lair:4)
  An orb spider (Spider:2)
  Pikel (D:7)
  8 wolf spiders
  2 cyclopes
  3 orc sorcerers
  4 ugly things (D:11)
  2 manticores (Lair:6)
  A merfolk siren (Lair:2)
  Joseph (D:7)
  2 elephants (Lair:4)
  A torpor snail (Spider:1)
  A molten gargoyle (D:10)
  10 spiny frogs
  An efreet (D:11)
  2 rime drakes
  4 demonic crawlers (Spider:1)
  6 komodo dragons
  7 trolls
  3 polar bears (Lair:6)
  A jumping spider (Spider:1)
  Prince Ribbit (D:5)
  3 hornets
  11 dream sheep
  11 blink frogs
  11 hippogriffs
  A spriggan (D:7)
  7 tarantellas
  29 yaks
  A shadow (D:12)
  21 redbacks
  A wyvern (Lair:3)
  4 fire elementals (Spider:1)
  2 wargs (Orc:2)
  20 soldier ants
  3 hell hounds
  9 water moccasins
  5 porcupines
  3 slaves (D:7)
  25 orc warriors
  3 black bears
  3 sky beasts
  7 ogres
  8 centaurs
  12 wolves
  A big kobold (D:11)
  9 crocodiles
  Blork the orc (D:4)
  20 bullfrogs
  3 scorpions
  5 killer bees (D:11)
  5 wights
  A howler monkey (D:4)
  An electric eel (D:12)
  3 crimson imps
  2 centaur zombies (D:9)
  3 jellies
  2 bullfrog skeletons
  A hound (D:5)
  27 orc wizards
  2 bullfrog zombies
  A quasit (D:6)
  40 orc priests
  An iguana (D:5)
  5 hell rats (D:8)
  21 worker ants
  Robin (D:2)
  7 adders
  8 gnolls
  2 river rats (D:8)
  3 worms
  3 dart slugs
  3 leopard geckos
  82 orcs
  5 bats
  7 giant cockroaches
  16 hobgoblins
  11 jackals
  4 quokkas
  3 frilled lizards
  21 goblins
  13 kobolds
  A leopard gecko skeleton (D:6)
  A quokka skeleton (D:4)
  8 rats
652 creatures vanquished.

Vanquished Creatures (collateral kills)
  A catoblepas (Lair:6)
  A death yak (Lair:6)
  A deep elf mage (D:12)
  A centaur zombie (D:12)
  A black mamba (Lair:4)
  Psyche (D:12)
  A spiny frog (Lair:4)
  A torpor snail (Lair:5)
  A komodo dragon (Lair:6)
  2 polar bears (Lair:6)
  2 blink frogs (Lair:3)
  A water elemental (D:12)
  A tarantella (Spider:1)
  A yak (Lair:6)
  2 soldier ants (Lair:5)
  A water moccasin (Lair:4)
  An orc warrior (Orc:2)
  A crocodile (Lair:4)
  3 orc priests
  A bullfrog skeleton (D:12)
  4 worker ants (Lair:5)
  An orc (Orc:1)
  A kobold (D:11)
  3 fungi
  2 plants
36 creatures vanquished.

Vanquished Creatures (others)
  A slave (D:7)
  A hungry ghost (D:7)
  An ogre (D:7)
  An orc (Orc:1)
  9 fungi
  28 plants
41 creatures vanquished.

Grand Total: 729 creatures vanquished

Notes
Turn   | Place    | Note
-------+----------+-------------------------------------------
     0 | D:1      | rbl the Demonspawn Assassin began the quest for the Orb.
     0 | D:1      | Reached XP level 1. HP: 16/16 MP: 1/1
   193 | D:1      | Gained mutation: You are partially covered in yellow scales. (AC +2) [demonic ancestry]
   193 | D:1      | Reached XP level 2. HP: 22/23 MP: 2/2
   952 | D:1      | Reached XP level 3. HP: 29/29 MP: 3/3
  1669 | D:2      | Noticed Robin
  1717 | D:2      | Gained mutation: You have sharp toenails. [demonic ancestry]
  1717 | D:2      | Reached XP level 4. HP: 35/37 MP: 4/4
  2012 | D:2      | Killed Robin
  2302 | D:3      | Reached skill level 1 in Maces & Flails
  2833 | D:3      | Gained mutation: You have razor-sharp toenails. [demonic ancestry]
  2833 | D:3      | Reached XP level 5. HP: 35/42 MP: 5/5
  2870 | D:3      | Found a sparkling altar of Nemelex Xobeh.
  2872 | D:3      | Found a radiant altar of Vehumet.
  2872 | D:3      | Found a burning altar of Makhleb.
  2880 | D:3      | Found a shimmering altar of Xom.
  2880 | D:3      | Found a blossoming altar of Fedhas.
  2880 | D:3      | Found a radiant altar of Vehumet.
  3061 | D:4      | Reached skill level 2 in Maces & Flails
  3158 | D:4      | Noticed Blork the orc
  3177 | D:4      | Killed Blork the orc
  3177 | D:4      | Reached skill level 3 in Maces & Flails
  3236 | D:4      | Found a staircase to the Ecumenical Temple.
  3308 | D:4      | Gained mutation: You are mostly covered in yellow scales. (AC +3) [demonic ancestry]
  3308 | D:4      | Reached XP level 6. HP: 48/48 MP: 6/6
  3393 | D:4      | Found Puepaent's Armour Shoppe.
  3596 | D:4      | Noticed a water moccasin
  3611 | D:4      | Killed a water moccasin
  3611 | D:4      | Reached skill level 4 in Maces & Flails
  3765 | D:5      | Entered Level 5 of the Dungeon
  3840 | D:4      | Reached skill level 1 in Dodging
  3914 | D:4      | Noticed a sky beast
  4293 | D:5      | Gained mutation: You are completely covered in yellow scales. (AC +4, rCorr) [demonic ancestry]
  4293 | D:5      | Reached XP level 7. HP: 14/54 MP: 7/7
  4618 | D:5      | Found a shattered altar of Ashenzari.
  5022 | D:5      | Got a spiked leather armour
  5024 | D:5      | Identified the +3 leather armour of Sesauth {*Corrode rN++ Dex+4} (You found it on level 5 of the Dungeon)
  5640 | D:6      | Reached skill level 5 in Dodging
  5640 | D:6      | Gained mutation: You are partially covered in sharp spines. [demonic ancestry]
  5640 | D:6      | Reached XP level 8. HP: 47/60 MP: 8/8
  5908 | D:6      | Noticed Prince Ribbit
  5969 | D:6      | Noticed Menkaure
  6263 | D:7      | Noticed a hippogriff
  6349 | D:7      | Noticed Pikel
  6397 | D:7      | Killed a hippogriff
  6436 | D:7      | Killed Pikel
  6459 | D:7      | Reached XP level 9. HP: 47/65 MP: 9/9
  6763 | D:7      | Noticed Joseph
  6792 | D:7      | Killed Joseph
  6792 | D:7      | Reached skill level 5 in Maces & Flails
  6915 | D:7      | Got a slimy bone ring
  6916 | D:7      | Identified the ring "Veusahow" {rC+ rN+} (You found it on level 7 of the Dungeon)
  7047 | D:7      | Reached skill level 1 in Shields
  7091 | D:7      | Found Hagaess's Armour Shoppe.
  7099 | D:7      | Bought a +1 pair of boots of flying for 181 gold pieces
  7099 | D:7      | Bought a +0 ring mail of poison resistance for 88 gold pieces
  7505 | D:8      | Got a slimy dagger
  7523 | D:8      | Identified the +6 dagger "Zota" {freeze, Str+2} (You found it on level 8 of the Dungeon)
  7748 | D:8      | Noticed a death yak
  7749 | D:8      | Noticed a death yak
  8017 | D:4      | Reached skill level 1 in Armour
  8075 | Temple   | Entered the Ecumenical Temple
  8154 | Temple   | Became a worshipper of Warmaster Okawaru
  8288 | D:5      | Killed Prince Ribbit
  8552 | D:8      | Reached skill level 1 in Invocations
  8678 | D:8      | Noticed a death yak
  8795 | D:9      | Gained mutation: You have a pair of small horns on your head. [potion of mutation]
  8795 | D:9      | Gained mutation: Your muscles are strong. (Str +2) [potion of mutation]
  8795 | D:9      | Gained mutation: You passively map a small area around you. [potion of mutation]
  8795 | D:9      | Gained mutation: You are resistant to hostile enchantments. (MR+) [potion of mutation]
  8875 | D:9      | Reached XP level 10. HP: 64/72 MP: 10/12
  8882 | D:9      | Paralysed by a hornet for 3 turns
  8977 | D:9      | Reached * piety under Okawaru
  9278 | D:9      | Reached skill level 5 in Invocations
  9509 | D:9      | Reached ** piety under Okawaru
  9833 | D:9      | Killed a death yak
  9833 | D:9      | Reached skill level 5 in Fighting
 10158 | D:8      | Found a staircase to the Lair.
 10176 | Lair:1   | Entered Level 1 of the Lair of Beasts
 10182 | Lair:1   | Learned a level 1 spell: Animate Skeleton
 10184 | Lair:1   | Learned a level 1 spell: Apportation
 10289 | Lair:1   | Noticed a spiny frog
 10310 | Lair:1   | Killed a spiny frog
 10354 | Lair:1   | Reached *** piety under Okawaru
 10506 | Lair:1   | Noticed a spiny frog
 10527 | Lair:1   | Killed a spiny frog
 10527 | Lair:1   | Gained mutation: You are mostly covered in sharp spines. [demonic ancestry]
 10527 | Lair:1   | Reached XP level 11. HP: 62/84 MP: 14/18
 11394 | Lair:2   | Reached skill level 1 in Necromancy
 11410 | Lair:2   | Received a gift from Okawaru
 11457 | Lair:2   | Found a hole to the Spider Nest.
 11568 | Lair:2   | Noticed Nergalle
 11587 | Lair:2   | Reached **** piety under Okawaru
 11752 | Lair:2   | Found a staircase to the Shoals.
 11887 | Lair:2   | Reached skill level 5 in Necromancy
 11929 | Lair:2   | Killed Nergalle
 12129 | Lair:3   | Noticed a five-headed hydra
 12142 | Lair:3   | Killed a five-headed hydra
 12142 | Lair:3   | Reached skill level 10 in Fighting
 12160 | Lair:3   | Reached ***** piety under Okawaru
 12301 | Lair:3   | Received a gift from Okawaru
 12319 | Lair:3   | Got an ancient dire flail {god gift}
 12320 | Lair:3   | Identified the +1 dire flail "Iteiclui" {vamp, Fragile rElec rC+++ SInv} (Okawaru gifted it to you on level 3 of the Lair of Beasts)
 12899 | Lair:4   | Reached skill level 6 in Maces & Flails
 12932 | Lair:4   | Noticed a death yak
 12943 | Lair:4   | Gained mutation: You regenerate a little health from kills. [demonic ancestry]
 12943 | Lair:4   | Reached XP level 12. HP: 100/100 MP: 19/19
 12945 | Lair:4   | Noticed a death yak
 12945 | Lair:4   | Noticed a death yak
 12946 | Lair:4   | Noticed a death yak
 12974 | Lair:4   | Killed a death yak
 13032 | Lair:4   | Killed a death yak
 13032 | Lair:4   | Reached skill level 7 in Maces & Flails
 13308 | Lair:4   | Noticed an eight-headed hydra
 13350 | Lair:4   | Killed a death yak
 13350 | Lair:4   | Reached skill level 8 in Maces & Flails
 13387 | Lair:4   | Killed a death yak
 13449 | Lair:4   | Reached skill level 9 in Maces & Flails
 13624 | Lair:4   | Reached skill level 10 in Maces & Flails
 13667 | Lair:4   | Killed an eight-headed hydra
 14659 | Lair:5   | Noticed a queen ant
 14665 | Lair:5   | Reached skill level 11 in Maces & Flails
 14671 | Lair:5   | Noticed a six-headed hydra
 14695 | Lair:5   | Noticed an entropy weaver
 14697 | Lair:5   | Killed a queen ant
 14697 | Lair:5   | Received a gift from Okawaru
 14698 | Lair:5   | Got a warped crystal plate armour {god gift}
 14710 | Lair:5   | Killed a six-headed hydra
 14730 | Lair:5   | Killed an entropy weaver
 14730 | Lair:5   | Reached XP level 13. HP: 65/106 MP: 10/20
 14782 | Lair:4   | Identified the +2 crystal plate armour of the Elephant {*Contam rPois MR++ rCorr} (Okawaru gifted it to you on level 5 of the Lair of Beasts)
 14990 | Lair:5   | Found a runed door.
 14991 | Lair:5   | Found a viscous altar of Jiyva.
 15314 | Lair:5   | Noticed an entropy weaver
 15327 | Lair:5   | Killed an entropy weaver
 15327 | Lair:5   | Reached skill level 12 in Maces & Flails
 15899 | Lair:5   | Reached ****** piety under Okawaru
 15966 | Lair:5   | Reached skill level 10 in Invocations
 16077 | Lair:5   | Noticed Rupert
 16161 | Lair:6   | Entered Level 6 of the Lair of Beasts
 16194 | Lair:6   | Reached skill level 1 in Spellcasting
 16370 | Lair:6   | Learned a level 3 spell: Regeneration
 16373 | Lair:6   | Learned a level 2 spell: Song of Slaying
 16376 | Lair:6   | Learned a level 2 spell: Shroud of Golubria
 16380 | Lair:6   | Learned a level 3 spell: Spectral Weapon
 16392 | Lair:6   | Reached skill level 1 in Charms
 16615 | Lair:6   | Received a gift from Okawaru
 16934 | Lair:6   | Reached skill level 5 in Charms
 17848 | Lair:6   | Received a gift from Okawaru
 17873 | Lair:6   | Gained mutation: You are completely covered in sharp spines. [demonic ancestry]
 17873 | Lair:6   | Reached XP level 14. HP: 102/113 MP: 21/21
 18147 | D:10     | Entered Level 10 of the Dungeon
 18406 | D:10     | You are sucked into a shaft for 2 floors!
 18533 | D:12     | Found Coihaxkod's Antique Weapon Boutique.
 18756 | D:12     | Noticed Psyche
 18763 | D:12     | Killed Psyche
 19091 | D:12     | Received a gift from Okawaru
 19460 | D:11     | Found a labyrinth entrance.
 19484 | Lab      | Entered a labyrinth
 19562 | Lab      | Got a faintly glowing marble ring
 19576 | Lab      | Identified the Handbook of Icy Orientation
 19587 | Lab      | Identified the ring of Denojol {rC+ Str+5 Int+2} (You took it off a minotaur in a labyrinth)
 19779 | D:11     | Reached skill level 13 in Maces & Flails
 19971 | D:11     | Found a staircase to the Orcish Mines.
 20655 | Orc:1    | Entered Level 1 of the Orcish Mines
 20655 | Orc:1    | Noticed Harold
 20678 | D:11     | Killed Harold
 21327 | Orc:2    | Entered Level 2 of the Orcish Mines
 21327 | Orc:2    | Found a staircase to the Elven Halls.
 21327 | Orc:2    | Found Elydeh's General Store.
 21443 | Orc:2    | Noticed Donald
 21863 | Orc:2    | Found a roughly hewn altar of Beogh.
 21869 | Orc:2    | Found Ydwim's Armour Shoppe.
 22003 | Orc:2    | Found Voadduth's Assorted Antiques.
 22003 | Orc:2    | Found Lexkeeb's Food Shoppe.
 22019 | Orc:2    | Gained mutation: You do not regenerate when monsters are visible. [a neqoxec]
 22037 | Orc:2    | Killed Donald
 22037 | Orc:2    | Reached skill level 14 in Maces & Flails
 22063 | Orc:2    | HP: 5/113 [sun demon[an orc high priest] (12)]
 22304 | Orc:2    | Reached skill level 5 in Spellcasting
 23087 | Orc:2    | Found Weroof's Distillery.
 23102 | Orc:2    | Found Tadgh's Book Shoppe.
 23109 | Orc:2    | Bought 2 scrolls labeled LIJIDEE JIGGI for 56 gold pieces
 23109 | Orc:2    | Bought a scroll of teleportation for 84 gold pieces
 23175 | Orc:2    | Received a gift from Okawaru
 23178 | Orc:2    | Got a faintly humming plate armour {god gift}
 23179 | Orc:2    | Identified the +0 plate armour of the Six Tales {rF+ Str+2} (Okawaru gifted it to you on level 2 of the Orcish Mines)
 23222 | Orc:2    | Found Niulishru's Jewellery Boutique.
 23228 | Orc:2    | Bought the ring "Rinof" {rPois rF+ rC+ rN+ MR+ Slay+3} for 721 gold pieces
 23488 | Lair:1   | Lost mutation: You passively map a small area around you. [potion of mutation]
 23488 | Lair:1   | Lost mutation: Your muscles are strong. (Str +2) [potion of mutation]
 23488 | Lair:1   | Lost mutation: You have a pair of small horns on your head. [potion of mutation]
 23488 | Lair:1   | Lost mutation: You do not regenerate when monsters are visible. [potion of mutation]
 23488 | Lair:1   | Gained mutation: You are frail. (-10% HP) [potion of mutation]
 23488 | Lair:1   | Gained mutation: You are agile. (Dex +2) [potion of mutation]
 23489 | Lair:1   | Lost mutation: You are resistant to hostile enchantments. (MR+) [potion of mutation]
 23489 | Lair:1   | Lost mutation: You are agile. (Dex +2) [potion of mutation]
 23489 | Lair:1   | Lost mutation: You are frail. (-10% HP) [potion of mutation]
 23489 | Lair:1   | Gained mutation: Your muscles are strong. (Str +2) [potion of mutation]
 23489 | Lair:1   | Gained mutation: You are somewhat resistant to further mutation. [potion of mutation]
 23517 | Spider:1 | Entered Level 1 of the Spider Nest
 23668 | Spider:1 | Reached skill level 5 in Shields
 24177 | Spider:1 | Gained mutation: You regenerate health from kills. [demonic ancestry]
 24177 | Spider:1 | Reached XP level 15. HP: 109/119 MP: 21/24
 24290 | Spider:2 | Noticed Azrael
 24338 | Spider:1 | Killed Azrael
 24520 | Spider:1 | Slain by a wolf spider

Skill      XL: |  1  2  3  4  5  6  7  8  9 10 11 12 13 14 15 |
---------------+----------------------------------------------+-----
Fighting       | 3 4 7 11 | 11.3
Throwing       | 2 3 |  3.5
Maces & Flails | 1 3 4 5 6 11 12 14 | 14.1
Dodging        | 2 5 8 9 |  9.2
Shields        | 4 6 7 |  7.6
Armour         | 2 |  2.7
Invocations    | 3 9 10 | 10.1
Necromancy     | 5 |  5.3
Spellcasting   | 3 6 |  6.0
Charms         | 7 |  7.3
Short Blades   | |  1.7
Stealth        | |  3.6

Action                   |  1- 3 |  4- 6 |  7- 9 | 10-12 | 13-15 || total
-------------------------+-------+-------+-------+-------+-------++-------
Melee: Dagger            |   145 |    53 |       |       |       ||   198
       Club              |       |   161 |   395 |   756 |  1592 ||  2904
       Kick              |       |    48 |    16 |       |       ||    64
       Unarmed           |       |     6 |       |       |       ||     6
       Headbutt          |       |       |     4 |   222 |   440 ||   666
       Staff             |       |       |       |       |     5 ||     5
 Fire: Blowgun           |     8 |     6 |    40 |    66 |    14 ||   134
Throw: Stone             |       |       |     2 |       |       ||     2
       Javelin           |       |       |       |    20 |     1 ||    21
 Cast: Animate Skeleton  |       |       |       |    30 |    91 ||   121
       Regeneration      |       |       |       |       |    42 ||    42
       Shroud of Golubri |       |       |       |       |    13 ||    13
       Apportation       |       |       |       |       |     2 ||     2
Invok: Heroism           |       |       |       |    20 |    31 ||    51
       Finesse           |       |       |       |     3 |     3 ||     6
Evoke: Wand              |       |       |     2 |     3 |    26 ||    31
       Box of beasts     |       |       |       |       |     1 ||     1
  Use: Potion            |       |     2 |     2 |    11 |    18 ||    33
       Scroll            |       |       |     6 |    12 |    16 ||    34
 Stab: Sleeping          |     6 |     7 |     3 |     7 |     4 ||    27
       Distracted        |     1 |       |       |     3 |     4 ||     8
       Confused          |       |     1 |       |       |       ||     1
       Petrified         |       |       |       |       |     4 ||     4
  Eat: Chunk             |     2 |     8 |    13 |    17 |    29 ||    69
       Fruit             |     1 |       |     2 |     5 |     8 ||    16
       Bread ration      |       |       |       |       |     1 ||     1
Armor: Robe              |    29 |    70 |    10 |       |       ||   109
       Skin              |       |     1 |       |       |       ||     1
       Leather armour    |       |       |    87 |       |       ||    87
       Ring mail         |       |       |    50 |   203 |   307 ||   560
Dodge: Dodged            |    69 |   129 |   284 |   480 |   837 ||  1799
Block: Buckler           |       |       |    53 |   214 |   266 ||   533
       Shield            |       |       |       |       |   135 ||   135
       Reflection        |       |       |       |       |     1 ||     1
